 Dungeon Crawl Stone Soup version 0.30-a0-956-gcec3b41aec (webtiles) character file.

Game seed: 4808876647106376589

200142 retardedninja the Fencer (level 18, -3/156 HPs)
             Began as an Armataur Fighter on Mar 29, 2023.
             Was the Champion of Hepliaklqana.
             Slain by a spriggan berserker
             ... wielding a +0 quarterstaff
              (30 damage)
             ... on level 3 of the Swamp.
             The game lasted 00:51:17 (30726 turns).

retardedninja the Fencer (Armataur Fighter)        Turns: 30726, Time: 00:51:18

Health: -3/156     AC: 45    Str: 27    XL:     18   Next: 26%
Magic:  18/18      EV:  3    Int:  8    God:    Hepliaklqana [******]
Gold:   1144       SH: 15    Dex: 23    Spells: 17/17 levels left

rFire   + . .      SeeInvis .    f - +2 scimitar of Megalomania {flame, rCorr Str+3 Dex+2}
rCold   + . .      Faith    .    P - +0 kite shield
rNeg    + . .      Spirit   .    L - +3 plate armour {rF+}
rPois   .          Reflect  .    u - +2 helmet
rElec   +          Roll     +    w - +0 cloak
rCorr   +                        j - +2 pair of gloves
Will    +++..                    H - +7 barding of the Present {rC+ Will+ Str+2} Stlth
                                 a - amulet of the acrobat
HPRegen 0.46/turn                y - +4 ring of protection
MPRegen 0.16/turn                A - ring "Zoasch" {rElec rN+ Will+ Dex+3 Stlth-}

@: hasted, very quick
A: reduced essence, large, rugged brown scales 3, deformed body, armoured tail,
roll, long tongue, awkward tongue, wild magic 1
a: Renounce Religion, Recall Ancestor, Ancestor Identity, Transference, Idealise


You were on level 3 of the Swamp.
You worshipped Hepliaklqana.
Hepliaklqana was exalted by your worship.
You visited 5 branches of the dungeon, and saw 27 of its levels.
You also visited: Ossuary and Bailey.

You collected 2712 gold pieces.
You spent 1568 gold pieces at shops.

Inventory:

Hand Weapons
 f - the +2 scimitar of Megalomania (weapon) {flame, rCorr Str+3 Dex+2}
   (You acquired it on level 8 of the Dungeon)

   Str:       It affects your strength (+3).
   Dex:       It affects your dexterity (+2).
   rCorr:     It protects you from acid and corrosion.
 N - the +2 falchion "Guatted" {heavy, rC+ Str+4}
   (You found it in a bailey)

   Str:       It affects your strength (+4).
   rC:        It protects you from cold.
 O - the +11 dire flail of the Tent {freeze, rElec rPois Str-5 Dex-3}
   (You found it in a bailey)

   Str:       It affects your strength (-5).
   Dex:       It affects your dexterity (-3).
   rElec:     It insulates you from electricity.
   rPois:     It protects you from poison.
Missiles
 g - 6 throwing nets (quivered)
Armour
 j - a +2 pair of gloves (worn)
 u - a +2 helmet (worn)
 w - a +0 cloak (worn)
 H - the +7 barding of the Present (worn) {rC+ Will+ Str+2}
   (You acquired it on level 9 of the Dungeon)

   Str:       It affects your strength (+2).
   rC:        It protects you from cold.
   Will:      It increases your willpower.
 L - a +3 plate armour of fire resistance (worn)
 P - a +0 kite shield (worn)
Jewellery
 a - an amulet of the acrobat (around neck)
 y - a +4 ring of protection (left hand)
 A - the ring "Zoasch" (right hand) {rElec rN+ Will+ Dex+3 Stlth-}
   (You acquired it on level 2 of the Orcish Mines)

   [ring of positive energy]

   Dex:       It affects your dexterity (+3).
   rElec:     It insulates you from electricity.
   rN:        It protects you from negative energy.
   Will:      It increases your willpower.
   Stlth:     It makes you less stealthy.
 B - a ring of protection from fire
Wands
 d - a wand of digging (9)
 e - a wand of acid (4)
 i - a wand of roots (22)
 r - a wand of paralysis (18)
 x - a wand of polymorph (6)
 E - a wand of flame (39)
Scrolls
 b - 2 scrolls of vulnerability
 c - 2 scrolls of amnesia
 h - 19 scrolls of teleportation
 l - 4 scrolls of fog
 m - a scroll of immolation
 s - 3 scrolls of magic mapping
 C - a scroll of poison
 I - 3 scrolls of fear
 K - a scroll of torment
Potions
 k - 3 potions of curing
 n - 3 potions of lignification
 o - 2 potions of brilliance
 p - 4 potions of cancellation
 q - a potion of haste
 t - 8 potions of mutation
 z - 4 potions of resistance
 D - 4 potions of heal wounds
 F - 4 potions of flight
 G - 2 potions of attraction
 Q - a potion of magic
Miscellaneous
 v - a lightning rod (4/4)
 M - a condenser vane


   Skills:
 + Level 14.5 Fighting
 * Level 19.8 Long Blades
 + Level 15.7 Armour
 + Level 14.5 Shields


You had 17 spell levels left.
You didn't know any spells.
Your spell library contained the following spells:

 Spells                   Type           Power      Damage    Failure   Level
 Apportation              Tloc           0%         N/A       99%         1
 Foxfire                  Conj/Fire      0%         2x1d2     99%         1
 Magic Dart               Conj           0%         1d3       99%         1
 Necrotise                Necr           0%         1d4       99%         1
 Sandblast                Erth           0%         2d4       99%         1
 Shock                    Conj/Air       0%         1d3       99%         1
 Summon Small Mammal      Summ           0%         N/A       99%         1
 Blink                    Tloc           0%         N/A       100%        2
 Ensorcelled Hibernation  Hex/Ice        0%         N/A       100%        2
 Passwall                 Tmut/Erth      0%         N/A       100%        2
 Searing Ray              Conj           0%         2d4       100%        2
 Static Discharge         Conj/Air       0%         2-2/arc   100%        2
 Hailstorm                Conj/Ice       0%         3d3       100%        3
 Stone Arrow              Conj/Erth      0%         3d7       100%        3
 Swiftness                Air            0%         N/A       100%        3
 Tukima's Dance           Hex            0%         N/A       100%        3
 Vhi's Electric Charge    Tloc/Air       0%         N/A       100%        3
 Fulminant Prism          Conj/Hex       0%         3d5       100%        4
 Ice Form                 Ice/Tmut       0%         N/A       100%        4
 Leda's Liquefaction      Hex/Erth       0%         N/A       100%        4
 Manifold Assault         Tloc           0%         N/A       100%        4
 Passage of Golubria      Tloc           0%         N/A       100%        4
 Petrify                  Tmut/Erth      0%         N/A       100%        4
 Arcjolt                  Conj/Air       0%         1d10      100%        5
 Lee's Rapid Deconstruct  Erth           0%         3d4*      100%        5
 Metabolic Englaciation   Hex/Ice        0%         N/A       100%        5
 Plasma Beam              Fire/Air       0%         2x1d7     100%        5
 Summon Forest            Summ/Tloc      0%         N/A       100%        5
 Summon Mana Viper        Hex/Summ       0%         N/A       100%        5
 Yara's Violent Unravell  Hex/Tmut       0%         3d3       100%        5
 Conjure Ball Lightning   Conj/Air       0%         3x3d6     100%        6
 Eringya's Noxious Bog    Tmut/Pois      0%         N/A       100%        6
 Simulacrum               Ice/Necr       0%         N/A       100%        6
 Statue Form              Tmut/Erth      0%         N/A       100%        6
 Storm Form               Tmut/Air       0%         N/A       100%        7
 Summon Hydra             Summ           0%         N/A       100%        7
 Discord                  Hex            0%         N/A       100%        8
 Disjunction              Tloc           0%         N/A       100%        8


Dungeon Overview and Level Annotations

Branches:
Dungeon (15/15)            Temple (1/1) D:5            Lair (5/5) D:10
  Swamp (4/4) Lair:3       Spider (0/4) Lair:3        Slime (0/5) Lair:5
    Orc (2/2) D:11            Elf (0/3) Orc:2        Vaults (0/5) D:14
 Depths (0/4) D:15        Ossuary (visited)          Bailey (visited)

Altars:
Ashenzari
Cheibriados
Dithmenos
Elyvilon
Fedhas
Gozag
Hepliaklqana
Kikubaaqudgha
Makhleb
Nemelex Xobeh
Okawaru
Qazlal
Ru
Sif Muna
Trog
Uskayaw
Vehumet
Wu Jian
Xom
Yredelemnul
Zin
The Shining One
Jiyva

Shops:
D:1 !??[   D:9 (   D:12 *   Orc:2 (?(*:=(*

Portals:
Pandemonium: Orc:2

Annotations:
D:7 1 runed translucent door, BillyBaka's ghost, novice MiHu
D:14 3 runed translucent doors, a11behringer's ghost, journeyman MiBe
Lair:5 1 runed translucent door


Innate Abilities, Weirdness & Mutations

Your life essence is reduced to manifest your ancestor. (-10% HP)
You are completely covered in rugged brown scales. (AC +3, +7% HP)
Armour fits poorly on your strangely shaped body.
You have a long armoured tail.
You roll when moving toward enemies. (Rampage)
Your long tongue fully drains potion bottles. (2x potion effects)
Your tongue gives you trouble enunciating. (1.5x scroll delay)
Your spells are a little harder to cast, but a little more powerful.


Message History

You hit the spriggan berserker but do no damage.
You tail-slap the spriggan berserker!
The spriggan berserker is heavily wounded.
The spriggan berserker hits you but does no damage.
The alligator bites you but does no damage.
You block the alligator's attack.
Unknown command.
You hit the spriggan berserker but do no damage.
The spriggan berserker is heavily wounded.
The spriggan berserker hits you with a +0 quarterstaff.
You block the alligator's attack. x2
Unknown command.
You miss the spriggan berserker.
The spriggan berserker is heavily wounded.
You block the spriggan berserker's attack.
Unknown command.
You slice the spriggan berserker!! You burn the spriggan berserker!
The spriggan berserker is almost dead.
You block the alligator's attack.
The alligator tail-slaps you but does no damage.
Unknown command.
You miss the spriggan berserker.
The spriggan berserker is almost dead.
The spriggan berserker hits you with a +0 quarterstaff!!
* * * LOW HITPOINT WARNING * * *
The alligator bites you but does no damage.
The alligator tail-slaps you but does no damage.
Unknown command.
You miss the spriggan berserker.
Your tail-slap misses the spriggan berserker.
The spriggan berserker is almost dead.
The spriggan berserker hits you with a +0 quarterstaff!
* * * LOW HITPOINT WARNING * * *
Unknown command.
You hit the spriggan berserker. You burn the spriggan berserker.
The spriggan berserker is almost dead.
You block the alligator's attack. The alligator tail-slaps you.
* * * LOW HITPOINT WARNING * * *
The spriggan berserker hits you with a +0 quarterstaff!!
You die...

♣♣ .♣♣♣ ~<~♣♣ ~§..♣♣ ♣♣♣
♣♣♣♣ §~..~♣♣♣.♣♣♣~.♣♣♣
♣♣♣♣.§♣...♣.~§..♣ ♣
♣♣♣...~.>~~~.♣
♣♣♣♣♣♣^~~~~~..~♣♣♣♣
♣~..♣♣.~~~~~.~i@~♣♣
♣♣.~~.♣♣~~~~~^♣♣.t~♣
~~~~~.♣~.~~~~.♣♣♣~♣♣
.♣~.~~♣<~)....♣~.♣♣♣♣♣
..~~~~.~~[.~~~~~..♣..♣♣
~.~~~~..))..~......~~.♣
~.~~..~~(.[..~♣..~~~.~♣
.~~~..~~~~......~~~~~~♣
~~~~~§~~~~~.~~.[~~~~~.♣♣


You could see an alligator (swift) and a spriggan berserker (berserk).

Vanquished Creatures
  The ghost of Goxon Jio the Warrior, an adept MfGl of Ashenzari (Swamp:1)
  A tentacled monstrosity (Swamp:3)
  Jorgrun (Swamp:2)
  Agnes (D:14)
  Gastronok (Lair:1)
  Roxanne (Swamp:2)
  A fenstrider witch (Swamp:2)
  An orc warlord (Bailey)
  An eleionoma (Swamp:1)
  Snorg (D:13)
  2 bunyips
  Harold (D:11)
  A great orb of eyes (D:15)
  9 hydras
  A spriggan air mage (Swamp:1)
  2 vault guards (D:14)
  A rakshasa (D:15)
  A two-headed ogre (D:12)
  2 catoblepae (Lair:5)
  An ogre mage (D:12)
  2 demonspawn (Orc:2)
  5 centaur warriors
  4 alligators
  4 boulder beetles
  A death knight (D:15)
  A dancing weapon (Swamp:1)
  5 death yaks
  A spriggan berserker (Swamp:1)
  4 orc high priests (Orc:2)
  Amaemon (Lair:3)
  A death drake (Swamp:3)
  2 skeletal warriors (D:15)
  A goliath frog (Swamp:2)
  6 spriggan druids
  3 slime creatures
  A swamp dragon (Swamp:1)
  A bog body (Swamp:1)
  3 orc knights (Orc:2)
  5 ugly things
  A deep elf pyromancer (D:15)
  5 orc sorcerers
  A will-o-the-wisp (Lair:3)
  7 elephants
  2 manticores
  Maurice (D:11)
  3 cyclopes
  A black mamba (Lair:2)
  A torpor snail (Lair:3)
  10 cane toads
  An orange demon (Lair:3)
  A yaktaur (D:15)
  Psyche (D:12)
  A rime drake (Lair:3)
  An efreet (D:15)
  3 freezing wraiths (D:15)
  A kobold demonologist (D:12)
  3 komodo dragons
  7 trolls
  9 tyrant leeches
  3 polar bears
  Prince Ribbit (Lair:3)
  11 hornets
  3 dream sheep
  3 blink frogs
  A slime creature (shapeshifter) (D:15)
  3 water elementals (D:15)
  A shadow (D:12)
  10 spriggans
  4 wraiths
  A hog (D:13)
  52 yaks
  7 humans (D:14)
  A wyvern (D:9)
  A basilisk (shapeshifter) (D:15)
  7 vampire mosquitoes
  A neqoxec (Orc:2)
  2 wargs
  3 acid dragons
  12 swamp worms
  7 water moccasins
  4 ice beasts
  20 orc warriors
  3 sky beasts (D:8)
  A swamp drake (Swamp:1)
  3 black bears
  7 ogres
  15 wolves
  5 centaurs
  A phantom (D:5)
  4 kobold brigands
  9 bullfrogs
  5 scorpions
  2 gnoll sergeants
  7 killer bees
  2 howler monkeys
  2 electric eels (D:10)
  14 hounds
  2 jellies
  17 orc priests
  A human zombie (Ossuary)
  A gnoll bouda (D:5)
  5 iguanas
  16 orc wizards
  Natasha (thrice) (D:4)
  A hound zombie (Ossuary)
  2 mummies (Ossuary)
  17 gnolls
  8 adders
  2 shadow imps
  3 white imps
  An ufetubus (D:5)
  49 orcs
  A bat zombie (D:4)
  8 endoplasms
  2 giant cockroaches
  15 goblins
  8 hobgoblins
  12 jackals
  19 kobolds
  6 quokkas
  6 ball pythons
  3 bats
  2 frilled lizards
  A goblin zombie (Ossuary)
  A jackal zombie (Ossuary)
  2 kobold zombies (Ossuary)
  8 rats
  5 rat zombies
  A spectral orc (D:7)
608 creatures vanquished.

Vanquished Creatures (collateral kills)
  Rupert (D:12)
  Kirke (D:13)
  An eleionoma (Swamp:3)
  A bunyip (Swamp:4)
  A shambling mangrove (Swamp:3)
  Josephine (D:13)
  2 vault guards (D:14)
  A ghost crab (Swamp:2)
  3 hydras
  A boulder beetle (D:14)
  A rakshasa (D:15)
  A catoblepas (Lair:5)
  4 death yaks
  A centaur warrior (D:14)
  A spriggan berserker (Swamp:1)
  Sonja (D:10)
  2 orc high priests (Orc:2)
  2 swamp dragons
  A spriggan druid (Swamp:1)
  2 deep elf pyromancers
  2 orc knights (Orc:2)
  An orc sorcerer (Orc:2)
  A wolf spider (D:12)
  An ugly thing (D:15)
  3 manticores
  3 black mambas
  5 elephants
  2 cyclopes
  2 will-o-the-wisps
  2 torpor snails
  3 cane toads
  An unseen horror (D:12)
  An orange demon (Orc:2)
  2 rime drakes
  8 komodo dragons
  A polar bear (Lair:5)
  4 trolls
  A meliai (Lair:3)
  9 hornets
  4 tyrant leeches
  3 blink frogs
  5 dream sheep
  A wyvern (D:10)
  15 spriggans
  A wraith (D:13)
  20 yaks
  3 basilisks
  A human (D:14)
  Grum (D:11)
  8 vampire mosquitoes
  A warg (Orc:2)
  5 swamp worms
  2 acid dragons
  2 water moccasins
  A swamp drake (Swamp:3)
  13 orc warriors
  2 wolves
  A centaur (D:12)
  A gnoll sergeant (D:11)
  2 bullfrogs
  6 killer bees
  4 electric eels
  A jelly (D:8)
  12 orc priests
  8 orc wizards
  2 mummies (Ossuary)
  2 gnolls
  An adder zombie (Ossuary)
  24 orcs
  4 hobgoblins (Bailey)
  2 goblin zombies (Ossuary)
  8 kobolds
  An orc zombie (Ossuary)
  A rat zombie (Ossuary)
249 creatures vanquished.

Vanquished Creatures (others)
  A demonspawn (Orc:2)
  A spriggan druid (Swamp:1)
  2 bloated husks
  A spriggan (Swamp:1)
  3 humans (D:13)
  A vampire mosquito (Swamp:1)
  17 battlemagi
  An ancestor (D:8)
  6 foxfires
  15 fungi
  39 plants
87 creatures vanquished.

Grand Total: 944 creatures vanquished

Notes
Turn   | Place    | Note
-------+----------+-------------------------------------------
     0 | D:1      | retardedninja the Armataur Fighter began the quest for the
                  | Orb.
     0 | D:1      | Reached XP level 1. HP: 19/19 MP: 1/1
     2 | D:1      | Noticed a vine stalker
     2 | D:1      | Noticed an elf
     4 | D:1      | Noticed a tengu
     4 | D:1      | Noticed an octopode
     7 | D:1      | Noticed a demigod
     9 | D:1      | Noticed a meteoran
    11 | D:1      | Noticed a formicid
    11 | D:1      | Noticed a ghoul
    13 | D:1      | Noticed an ogre
    13 | D:1      | Noticed a merfolk
    15 | D:1      | Noticed a naga
    15 | D:1      | Noticed a demonspawn
    17 | D:1      | Noticed a spriggan
    17 | D:1      | Noticed a draconian
    19 | D:1      | Noticed a minotaur
    19 | D:1      | Noticed a troll
    21 | D:1      | Noticed a gargoyle
    23 | D:1      | Noticed a vampire
    23 | D:1      | Noticed an armataur
    25 | D:1      | Noticed a felid
    25 | D:1      | Noticed a felid
    27 | D:1      | Noticed an octopode
    27 | D:1      | Noticed a felid
   120 | D:1      | Reached skill level 2 in Long Blades
   125 | D:1      | Reached XP level 2. HP: 11/26 MP: 2/2
   190 | D:1      | Found Omeleta's Magic Scroll Shop.
   196 | D:1      | Found Sius's Magic Scroll Shoppe.
   240 | D:1      | Found Enucluy's Distillery.
   581 | D:1      | Found Cud Ilaeg's Antique Armour Emporium.
   815 | D:2      | Reached XP level 3. HP: 33/33 MP: 3/3
  1131 | D:2      | Got Keory's Textbook on the Non-Euclidean Crevasse
  1395 | D:2      | Reached XP level 4. HP: 40/40 MP: 4/4
  1449 | D:2      | Reached skill level 3 in Long Blades
  2100 | D:3      | Reached XP level 5. HP: 44/48 MP: 5/5
  2492 | D:3      | Found a shimmering blue altar of Sif Muna.
  3024 | D:4      | Identified the +0 ring mail of the Bells {Str+3 Dex-3
                  | Slay+3}
  3048 | D:4      | Reached XP level 6. HP: 50/54 MP: 6/6
  3126 | D:4      | Noticed Natasha
  3132 | D:4      | Killed Natasha
  3133 | D:4      | Reached skill level 5 in Armour
  3289 | D:4      | Found an ancient bone altar of Kikubaaqudgha.
  3378 | D:4      | Noticed Natasha
  3382 | D:4      | Killed Natasha
  3383 | D:4      | Reached skill level 4 in Long Blades
  3405 | D:4      | Noticed Natasha
  3412 | D:4      | Killed Natasha
  3805 | D:4      | Found a white marble altar of Elyvilon.
  3805 | D:4      | Found a glowing golden altar of the Shining One.
  3805 | D:4      | Found a glowing silver altar of Zin.
  3881 | D:4      | Reached XP level 7. HP: 57/63 MP: 7/7
  3906 | D:4      | Reached skill level 5 in Shields
  4274 | D:5      | Entered Level 5 of the Dungeon
  4650 | D:5      | Reached skill level 5 in Long Blades
  4802 | D:5      | Found a staircase to the Ecumenical Temple.
  4886 | Temple   | Entered the Ecumenical Temple
  5074 | D:5      | Reached XP level 8. HP: 68/71 MP: 8/8
  5112 | D:5      | Reached skill level 6 in Long Blades
  5401 | D:5      | Reached skill level 5 in Fighting
  5520 | D:5      | Identified the +5 sling "Genaff" {elec, rElec Str-5 SInv}
  6221 | D:6      | Reached skill level 7 in Long Blades
  6221 | D:6      | Reached XP level 9. HP: 63/79 MP: 9/9
  6358 | D:6      | Found a hazy altar of Hepliaklqana.
  6364 | D:6      | Became a worshipper of Hepliaklqana the Forgotten
  6369 | D:6      | Found a shadowy altar of Dithmenos.
  7011 | D:7      | Found a sparkling altar of Nemelex Xobeh.
  7084 | D:7      | Found an ornate altar of the Wu Jian Council.
  7130 | D:7      | Found a runed translucent door.
  7131 | D:7      | Found a shimmering altar of Xom.
  7131 | D:7      | Noticed BillyBaka's ghost (novice MiHu)
  7131 | D:7      | Noticed a +1 mace of chaos
  7213 | D:7      | Reached * piety under Hepliaklqana
  7418 | D:7      | Found a basalt altar of Yredelemnul.
  7706 | D:8      | Found a burning altar of Makhleb.
  7845 | D:8      | Reached skill level 8 in Long Blades
  8211 | D:8      | Reached ** piety under Hepliaklqana
  8286 | D:8      | Found a sand-covered staircase.
  8291 | Ossuary  | Entered an ossuary
  8529 | D:8      | Found a bloodstained altar of Trog.
  8616 | D:8      | Identified the +3 ring mail of Ypipses {rElec rPois Str-5}
  8656 | D:8      | Identified a scroll of acquirement
  8656 | D:8      | Acquired the +2 scimitar of Megalomania {flame, rCorr Str+3
                  | Dex+2}
  8667 | D:8      | Found an opulent altar of Gozag.
  8746 | D:8      | Remembered your ancestor stephen hawking as a battlemage
  8849 | D:9      | Found an iron altar of Okawaru.
  8959 | D:9      | Reached XP level 10. HP: 81/81 MP: 10/10
  9189 | D:9      | Found a stormy altar of Qazlal.
  9262 | D:9      | Found a flagged portal.
  9299 | D:9      | Found Cacestrath's Antique Weapon Shoppe.
  9366 | D:9      | Reached *** piety under Hepliaklqana
  9399 | Bailey   | Entered a bailey
  9420 | Bailey   | Noticed an orc warlord
  9543 | Bailey   | Found a runed translucent gate.
  9543 | Bailey   | Found a runed translucent gate.
  9559 | Bailey   | Found a runed translucent gate.
  9624 | Bailey   | Killed an orc warlord
  9625 | Bailey   | Reached skill level 9 in Long Blades
  9653 | Bailey   | Identified the +2 falchion "Guatted" {heavy, rC+ Str+4}
  9664 | Bailey   | Identified the +11 dire flail of the Tent {freeze, rElec
                  | rPois Str-5 Dex-3}
  9919 | D:9      | Acquired the +7 barding of the Present {rC+ Will+ Str+2}
 10059 | D:10     | Entered Level 10 of the Dungeon
 10433 | D:10     | Found a staircase to the Lair.
 10839 | D:10     | Reached skill level 10 in Long Blades
 10905 | D:10     | Found a sacrificial altar of Ru.
 10956 | D:10     | Got An Induction into Spellweaving
 11034 | D:10     | Noticed Sonja
 11039 | D:10     | Killed Sonja
 11040 | D:10     | Reached skill level 10 in Armour
 11040 | D:10     | Reached XP level 11. HP: 64/89 MP: 11/11
 11236 | D:10     | Reached **** piety under Hepliaklqana
 11237 | D:10     | Identified the +8 short sword of the Butterfly {antimagic,
                  | Will+ SInv Stlth-}
 11484 | D:10     | Identified the amulet of Qiacw {Reflect rC++ Int-5 SH+5}
 12052 | D:11     | Noticed Grum
 12061 | D:11     | Killed Grum
 12105 | D:11     | Found a staircase to the Orcish Mines.
 12147 | D:11     | Noticed Harold
 12151 | D:11     | Noticed Maurice
 12154 | D:11     | Killed Harold
 12166 | D:11     | Killed Maurice
 12279 | D:11     | Found a sacrificial altar of Ru.
 12377 | D:11     | Reached skill level 10 in Fighting
 12377 | D:11     | Reached skill level 13 in Long Blades
 12377 | D:11     | Reached XP level 12. HP: 102/102 MP: 12/12
 12377 | D:11     | Reached XP level 13. HP: 109/109 MP: 13/13
 12378 | D:11     | Reached skill level 15 in Long Blades
 12378 | D:11     | Reached XP level 14. HP: 120/120 MP: 14/14
 12378 | D:11     | Reached XP level 15. HP: 126/126 MP: 15/15
 12710 | D:1      | Bought a runed plate armour for 546 gold pieces
 12933 | Lair:1   | Entered Level 1 of the Lair of Beasts
 12933 | Lair:1   | Noticed Gastronok
 12938 | Lair:1   | Killed Gastronok
 13213 | Lair:1   | Reached skill level 10 in Shields
 13304 | Lair:1   | Reached ***** piety under Hepliaklqana
 13448 | Lair:1   | Found a shadowy altar of Dithmenos.
 14366 | Lair:2   | Reached skill level 16 in Long Blades
 15118 | Lair:3   | Found a staircase to the Swamp.
 15198 | Lair:3   | Noticed Amaemon
 15207 | Lair:3   | Killed Amaemon
 15356 | Lair:3   | Found a hole to the Spider Nest.
 15593 | Lair:3   | Noticed Prince Ribbit
 15597 | Lair:3   | Killed Prince Ribbit
 15598 | Lair:3   | Reached XP level 16. HP: 134/134 MP: 16/16
 15631 | Lair:3   | Found a runed translucent door.
 16875 | Lair:5   | Entered Level 5 of the Lair of Beasts
 16954 | Lair:5   | Reached skill level 17 in Long Blades
 17026 | Lair:5   | Found a runed translucent door.
 17031 | Lair:5   | Found a viscous altar of Jiyva.
 17032 | Lair:5   | Noticed an acid blob
 17068 | Lair:5   | Found a staircase to the Slime Pits.
 17068 | Lair:5   | Noticed an acid blob
 17080 | Lair:5   | Noticed an acid blob
 17531 | Lair:5   | Reached ****** piety under Hepliaklqana
 18399 | Orc:1    | Entered Level 1 of the Orcish Mines
 18600 | Orc:2    | Entered Level 2 of the Orcish Mines
 18600 | Orc:2    | Found Kuhida's Mayhem Merchandise.
 18718 | Orc:2    | Found a staircase to the Elven Halls.
 18722 | Orc:2    | Found Pefyezax's Jewellery Shop.
 18860 | Orc:2    | Found Pywufoce's General Store.
 18866 | Orc:2    | Found Maonk's Magic Scroll Emporium.
 19604 | Orc:2    | Bought a lightning rod (4/4) for 450 gold pieces
 19606 | Orc:2    | Bought a scroll of acquirement for 572 gold pieces
 19606 | Orc:2    | Acquired the ring "Zoasch" {rElec rN+ Will+ Dex+3 Stlth-}
 19639 | Orc:2    | Gained mutation: Your spells are a little harder to cast,
                  | but a little more powerful. [a neqoxec]
 20195 | Orc:2    | Found Xoofrist's Weapon Shoppe.
 20931 | Orc:2    | Found Hezedug's Weapon Shoppe.
 21056 | Orc:2    | Found Asefaisi's Antique Weapon Shop.
 21056 | Orc:2    | Found Kig Goo's Book Boutique.
 21057 | Orc:2    | Found a one-way gate leading to the halls of Pandemonium.
 21268 | D:12     | Found Wumege's Demolitions Depot.
 21334 | D:12     | Noticed Psyche
 21340 | D:12     | Killed Psyche
 21512 | D:12     | Reached skill level 18 in Long Blades
 21645 | D:12     | Noticed Rupert
 21658 | D:12     | Killed Rupert
 21867 | D:12     | Reached XP level 17. HP: 145/145 MP: 17/17
 21994 | D:13     | Noticed Kirke
 21995 | D:13     | Noticed Snorg
 21995 | D:13     | Noticed Josephine
 22008 | D:13     | Killed Kirke
 22020 | D:13     | Killed Snorg
 22023 | D:13     | Killed Josephine
 22860 | D:14     | Found a runed translucent gate.
 23181 | D:14     | Found a runed translucent gate.
 23181 | D:14     | Found a runed translucent gate.
 23182 | D:14     | Noticed a11behringer's ghost (journeyman MiBe)
 23687 | D:14     | Found a gate to the Vaults.
 23799 | D:14     | Noticed Agnes
 23806 | D:14     | Killed Agnes
 24130 | D:15     | Entered Level 15 of the Dungeon
 24691 | D:15     | Found a staircase to the Depths.
 25319 | Swamp:1  | Entered Level 1 of the Swamp
 25333 | Swamp:1  | Found a runed translucent door.
 25789 | Swamp:1  | Reached skill level 19 in Long Blades
 26106 | Swamp:1  | Found a shimmering altar of Xom.
 26106 | Swamp:1  | Noticed Goxon Jio's ghost (adept MfGl)
 26206 | Swamp:1  | Reached skill level 15 in Armour
 26437 | Swamp:1  | Killed Goxon Jio's ghost
 27794 | Swamp:2  | Noticed Roxanne
 27820 | Swamp:2  | Killed Roxanne
 27821 | Swamp:2  | Reached XP level 18. HP: 103/155 MP: 18/18
 28354 | Swamp:3  | Noticed Jorgrun
 28832 | Swamp:2  | Killed Jorgrun
 30362 | Swamp:3  | Noticed a tentacled monstrosity
 30372 | Swamp:3  | Killed a tentacled monstrosity
 30401 | Swamp:3  | Got the Exposition on Supportive Location
 30653 | Swamp:4  | Entered Level 4 of the Swamp
 30726 | Swamp:3  | Slain by a spriggan berserker

Illustrated notes

Levels and vault maps discovered:
D:1:      kb_arrival_jail, layout_loops_ring, serial_shops, shop_statue,
          nicolae_shop_temple_entry_statues_fountains, shop, shop
D:2:      layout_basic
D:3:      layout_basic, old_standard_altar
D:4:      layout_loops_ring, good_gods_mini_temple,
          lemuel_zombie_altar_kikubaaqudgha, kennysheep_flooded_box,
          minmay_divided_ellipse, uniq_natasha
D:5:      minmay_chambers_of_threes, layout_loops_ring, temple_hall
D:6:      layout_gridville, nzn_hepliaklqana_mist_gate,
          grunt_dithmenos_smoke_and_mirrors
D:7:      layout_basic, mainiacjoe_overflow_24_doors,
          mainiacjoe_overflow_cross_hatched,
          yredelemnul_forgotten_temple_becter, ebering_ghost_xom, moated_statue
D:8:      layout_cave_pools, kennysheep_mini, bloody_makhleb,
          amcnicky_altar_gilded, enter_ossuary_2
D:9:      layout_roguey, lemuel_doored_altar, lemuel_round_altar,
          enter_bailey_8, nicolae_wooded_promenade
D:10:     layout_stronghold, general_overflow_altar, erik_lair_island,
          uniq_sonja
D:11:     layout_irregular_city, orc_0_dummy, nicolae_ru_awakened_eye,
          uniq_grum, uniq_maurice, uniq_harold
D:12:     minmay_wavy_crystal, layout_loops_cross, nicolae_blasting_shop,
          uniq_psyche, uniq_rupert
D:13:     layout_long_grid, minivault_11, uniq_snorg, uniq_kirke, uniq_josephine
D:14:     layout_irregular_city, ximxim_vaults_locker_room,
          gammafunk_ghost_spectres, uniq_agnes
D:15:     gammafunk_enter_depths_forms, layout_basic, serial_bayou,
          serial_bayou_shore_b, serial_bayou_pond_e, serial_bayou_lagoon_a,
          serial_bayou_shore_b, grunt_decor_arrowhead
Temple:   nicolae_temple_stand_before_the_council
Lair:1:   layout_gridlike, basic_altar, grunt_megastairs_1, uniq_gastronok
Lair:2:   layout_regular_city, grunt_megastairs_3
Lair:3:   layout_chaotic_city, minmay_swamp_entry_wisps,
          hellmonk_spider_entry_not_the_bees, pf_torpor_hydra, uniq_amaemon,
          uniq_prince_ribbit2
Lair:4:   layout_gridlike
Lair:5:   evilmike_catoblepas_cave, layout_small_grid, slime_entry_2,
          cheibrodos_lair_lostbears
Swamp:1:  nicolae_swamp_secret_spriggan_hideout, layout_basic_swamp,
          ebering_ghost_xom, evilmike_swamp_ruin_house_3, swamp_pool4,
          hangedman_swamp_wriggling
Swamp:2:  layout_basic_swamp, evilmike_swamp_ruin_rubble_2, swamp_pool1,
          grunt_hermit_hut, uniq_roxanne
Swamp:3:  layout_basic_swamp, evilmike_swamp_ruin_wall, uniq_jorgrun
Swamp:4:  swamp_vile, layout_basic_swamp, swamp_pool2
Orc:1:    layout_caves
Orc:2:    pf_orc_diabolical, layout_caves, serial_shops, shop, shop,
          nicolae_shop_behind_doors, minmay_shop_mayhem

Skill      XL: |  1  2  3  4  5  6  7  8  9 10 11 12 13 14 15 16 17 |
---------------+----------------------------------------------------+-----
Long Blades    | 2 3 4 5 7 8 10 13 15 16 18 19 | 19.8
Fighting       | 3 4 5 6 7 10 11 12 13 14 | 14.5
Armour         | 4 5 6 7 8 10 11 13 15 | 15.7
Shields        | 4 5 6 7 9 10 12 14 | 14.5

Action                     |  1- 3 |  4- 6 |  7- 9 | 10-12 | 13-15 | 16-18 || total
---------------------------+-------+-------+-------+-------+-------+-------++-------
  Melee: Long sword        |    98 |   203 |   452 |       |       |       ||   753
         Tailslap          |    10 |    33 |    69 |    30 |    67 |   302 ||   511
         Scimitar          |       |       |     8 |   222 |   260 |  1317 ||  1807
 Invoke: Ancestor Life: Ba |       |       |     1 |       |       |       ||     1
         Recall Ancestor   |       |       |       |     2 |       |     2 ||     4
         Ancestor Identity |       |       |       |     2 |       |       ||     2
         Idealise          |       |       |       |       |       |     1 ||     1
  Evoke: Condenser vane    |       |       |       |     1 |       |     3 ||     4
         Wand              |       |       |       |       |       |     8 ||     8
         Lightning rod     |       |       |       |       |       |     8 ||     8
    Use: Scroll            |       |       |    18 |     4 |    10 |     7 ||    39
         Potion            |       |       |     9 |     3 |     1 |    19 ||    32
   Stab: Distracted        |       |       |     1 |     6 |     6 |    34 ||    47
         Confused          |       |       |       |       |       |     1 ||     1
 Armour: Scale mail        |    51 |    13 |       |       |       |       ||    64
         Chain mail        |       |   183 |   468 |    17 |       |       ||   668
         Plate armour      |       |       |       |   173 |   185 |   998 ||  1356
  Dodge: Dodged            |    34 |    70 |   135 |    26 |    28 |   153 ||   446
  Block: Buckler           |    18 |    61 |   157 |       |       |       ||   236
         Kite shield       |       |       |     7 |   158 |   147 |   870 ||  1182

Table legend: (Time is in decaauts)
 A = Elapsed time spent in this place.
 B = Non-inter-level travel time spent in this place.
 C = Inter-level travel time spent in this place.
 D = Time resting spent in this place.
 E = Time spent auto-exploring this place.
 F = Levels seen in this place.
 G = Mean time per level.
                   A        B        C        D        E       F      G
               +--------+--------+--------+--------+--------+-----+--------+
         Total |  30472 |  28736 |   1736 |   7313 |  16547 |  29 | 1050.8 |
       Dungeon |  16633 |  15436 |   1197 |   3054 |   9798 |  15 | 1108.9 |
        Temple |     23 |     14 |      9 |      0 |     11 |   1 |   23.0 |
          Lair |   5396 |   5091 |    305 |    476 |   3828 |   5 | 1079.2 |
         Swamp |   5279 |   5179 |    100 |   2792 |   1692 |   4 | 1319.8 |
  Orcish Mines |   2679 |   2556 |    123 |    985 |   1086 |   2 | 1339.5 |
       Ossuary |    198 |    198 |      0 |      0 |    107 |   1 |  198.0 |
        Bailey |    260 |    260 |      0 |      5 |     24 |   1 |  260.0 |
               +--------+--------+--------+--------+--------+-----+--------+

Top non-repeatable levels by time:
 Swamp:2: 2951 daAuts
   Orc:2: 1950 daAuts
     D:5: 1838 daAuts
 Swamp:1: 1682 daAuts
    D:10: 1473 daAuts
  Lair:5: 1391 daAuts
     D:4: 1362 daAuts
     D:2: 1332 daAuts
     D:9: 1313 daAuts
    D:14: 1308 daAuts
  Lair:1: 1266 daAuts
  Lair:3: 1227 daAuts
    D:15: 993 daAuts
     D:6: 989 daAuts
     D:8: 954 daAuts
